 Dungeon Crawl Stone Soup version 0.17-a0-1447-g3d113ad (webtiles) character file.

5230 vatarom the Destroyer (level 10, -7/82 (83) HPs)
             Began as a Red Draconian Conjurer on June 29, 2015.
             Was a Priest of Vehumet.
             Mangled by a polar bear (22 damage)
             ... on level 8 of the Dungeon.
             The game lasted 00:30:37 (11564 turns).

vatarom the Destroyer (Red Draconian Conjurer)     Turns: 11564, Time: 00:30:38

HP:   -7/82 (83)    AC:  9    Str:  9    XL:     10   Next: 35%
MP:   2/21          EV: 14    Int: 19    God:    Vehumet [***...]
Gold: 510           SH:  0    Dex: 13    Spells: 7 memorised, 0 levels left

rFire  + . .     SeeInvis .     c - +0 whip
rCold  . . .     Clarity  .     (armour unavailable)
rNeg   . . .     SustAt   .     (no shield)
rPois  +         Gourm    .     (helmet restricted)
rElec  .         Spirit   .     h - +1 cloak
rCorr  .         Warding  .     (no gloves)
rMut   .         Stasis   .     (no boots)
MR     .....                    (no amulet)
Stlth  ++........               (no ring)
                                v - ring of poison resistance

@: lethally poisoned (-7 -> -9), not resistant to hostile enchantments,
unstealthy
A: breathe fire, unfitting armour, talons 2, agile 1, deterioration 1, fire
resistance 1, sense surroundings 1, weak 1, cold-blooded, AC +7
a: Breathe Fire, Renounce Religion


You were on level 8 of the Dungeon.
You worshipped Vehumet.
Vehumet was most pleased with you.
You were not hungry.

You visited 2 branches of the dungeon, and saw 10 of its levels.
You also visited: Sewer.

You collected 510 gold pieces.

Inventory:

Hand weapons
 c - a +0 whip (weapon)
 r - a +1 dagger of holy wrath
 s - a cursed -2 short sword
Armour
 h - a +1 cloak (worn)
Jewellery
 i - an uncursed ring of teleportation
 l - an uncursed amulet of stasis
 v - a ring of poison resistance (left hand)
Magical devices
 d - a wand of digging (0)
 y - a wand of frost (22)
 C - a wand of disintegration (11)
Scrolls
 b - 5 scrolls of identify
 k - a scroll of enchant armour
 p - a scroll of fog
 q - 6 scrolls of remove curse
 u - a scroll of recharging
Potions
 e - a potion of invisibility
 f - a potion of agility
 o - 2 potions of might
 t - a potion of brilliance
Books
 a - a book of Conjurations

   Spells                             Type                      Level
   a - Magic Dart                     Conjuration                  1
   b - Searing Ray                    Conjuration                  2
   c - Dazzling Spray                 Conjuration/Hexes            3
   d - Fulminant Prism                Conjuration/Hexes            4
   e - Iskenderun's Mystic Blast      Conjuration                  4
   f - Iskenderun's Battlesphere      Conjuration/Charms           5
 A - a book of Party Tricks

   Spells                             Type                      Level
   a - Summon Butterflies             Summoning                    1
   b - Apportation                    Translocation                1
   c - Tukima's Dance                 Hexes                        3
   d - Alistair's Intoxication        Transmutation/Poison         4
   e - Invisibility                   Hexes                        6
Comestibles
 j - 2 slices of pizza
 m - 3 beef jerkies
 n - 3 fruits
 z - 5 bread rations
 B - a royal jelly


   Skills:
 - Level 6.1 Fighting
 - Level 5.0 Dodging
 - Level 1.7 Stealth
 - Level 7.5 Spellcasting
 - Level 10.5 Conjurations
 + Level 1.5 Charms
 * Level 4.4 Fire Magic


You couldn't memorise any spells.
You knew the following spells:

 Your Spells              Type           Power        Failure   Level  Hunger
a - Stone Arrow           Conj/Erth      ####..       1%          3    #......
b - Searing Ray           Conj           #####.       1%          2    None
c - Dazzling Spray        Conj/Hex       ####....     1%          3    #......
d - Iskenderun's Mystic   Conj           #####...     1%          4    ###....
e - Fulminant Prism       Conj/Hex       ####......   3%          4    ###....
f - Iskenderun's Battles  Conj/Chrm      ####....     8%          5    #####..
g - Conjure Flame         Conj/Fire      #####...     1%          3    #......


Dungeon Overview and Level Annotations

Branches:
Dungeon (9/15)             Temple (1/1) D:4
   Lair: D:8-11         Orc: D:9-12

Altars:
Ashenzari
Cheibriados
Dithmenos
Elyvilon
Fedhas
Gozag
Kikubaaqudgha
Makhleb
Nemelex Xobeh
Okawaru
Qazlal
Ru
Sif Muna
Trog
Vehumet
Xom
Yredelemnul
Zin
The Shining One


Innate Abilities, Weirdness & Mutations

You can breathe blasts of fire.
Your fiery red scales are hard (AC +7).
Your body does not fit into most forms of armour.
Your flesh is heat resistant.
You are cold-blooded and may be slowed by cold attacks.
You have razor-sharp toenails.
You are agile. (Dex +2)
Your body sometimes deteriorates upon taking damage.
You passively map a small area around you.
You are weak. (Str -2)


Message History

Confirm with . or Enter, or press ? or * to list all spells.
Aiming: Stone Arrow
Press: ? - help, Shift-Dir - straight line, f - killer bee
Aim: a killer bee (black smoke, lightly wounded)
The stone arrow hits the killer bee.
You kill the killer bee!
Vehumet accepts your kill.
You feel your power returning.
You feel sick.
You feel sick.
The polar bear goes berserk!
You hear an angry growl.
You hear an angry buzzing noise.
You hear an angry buzzing noise.
You feel sick.
The polar bear rages.
You have got your breath back.
You feel sick.
Casting: Stone Arrow
Confirm with . or Enter, or press ? or * to list all spells.
You don't have enough magic to cast that spell.
The polar bear bites you!!
You die...

# ## ### ##.
###.#########..
##.....)........ ####
###...............
####..##
###@................
#......##
###5h.############....
#.......# ##§y.###
.......##...
#.......###§§### #.
........##..
.........5§### ...
........#...
....y..†.### * ....
,............
.......y######.....
,............
#....y†## #...5#
#.........## #...##†#
#5###.... ..........##


You could see a polar bear (berserk), a killer bee and an ufetubus.

Vanquished Creatures
  2 trolls
  Sigmund (D:5)
  A steam dragon (D:8)
  Edmund (D:6)
  Duvessa (D:4)
  3 necrophages
  2 sky beasts (D:7)
  2 ice beasts
  3 phantoms
  5 centaurs
  2 ogres
  7 big kobolds (Sewer)
  4 giant frogs
  Dowan (D:4)
  19 killer bees
  An electric eel (D:8)
  3 crimson imps
  2 giant frog skeletons
  2 hounds (D:6)
  10 orc wizards
  5 iguanas
  9 worker ants
  A worker ant zombie (D:8)
  2 hound skeletons (D:6)
  Robin (D:2)
  2 river rats (Sewer)
  Natasha (twice) (D:2)
  14 adders
  3 gnolls (D:7)
  2 shadow imps
  A white imp (D:8)
  An ufetubus (D:8)
  5 oozes
  2 worms
  10 giant geckos
  16 orcs
  2 bat skeletons
  A bat zombie (D:8)
  4 giant cockroaches
  20 goblins
  9 hobgoblins
  12 jackals
  9 ball pythons
  17 bats
  2 giant newts
  13 kobolds
  4 quokkas
  18 rats
259 creatures vanquished.

Vanquished Creatures (others)
  Natasha (D:2)
1 creature vanquished.

Grand Total: 260 creatures vanquished

Notes
Turn   | Place    | Note
--------------------------------------------------------------
     0 | D:1      | vatarom the Draconian Conjurer began the quest for the Orb.
     0 | D:1      | Reached XP level 1. HP: 14/14 MP: 3/3
   200 | D:1      | Gained mutation: You are weak. (Str -2) [potion of mutation]
   200 | D:1      | Gained mutation: You have sharp toenails. [potion of mutation]
   200 | D:1      | Gained mutation: You are agile. (Dex +2) [potion of mutation]
   211 | D:1      | Reached skill level 1 in Fighting
   466 | D:1      | Reached XP level 2. HP: 20/23 MP: 3/5
   512 | D:1      | Learned a level 2 spell: Searing Ray
  1004 | D:1      | Found a sparkling altar of Nemelex Xobeh.
  1158 | D:1      | Reached XP level 3. HP: 28/28 MP: 3/6
  1254 | D:1      | Learned a level 3 spell: Dazzling Spray
  1584 | D:2      | Gained mutation: Your spells are a little harder to cast, but a little more powerful. [potion of mutation]
  1584 | D:2      | Gained mutation: You have razor-sharp toenails. [potion of mutation]
  1584 | D:2      | Gained mutation: Your body sometimes deteriorates upon taking damage. [potion of mutation]
  1606 | D:2      | Noticed Robin
  1740 | D:2      | Killed Robin
  1740 | D:2      | Reached XP level 4. HP: 32/36 MP: 0/7
  1849 | D:2      | Reached skill level 5 in Conjurations
  2041 | D:2      | Noticed Natasha
  2047 | D:2      | Killed Natasha
  2340 | D:2      | Noticed Natasha
  2343 | D:2      | Killed Natasha
  2548 | D:2      | Noticed Natasha
  2548 | D:2      | Killed Natasha
  2779 | D:3      | Noticed a giant frog
  2798 | D:3      | Killed a giant frog
  2798 | D:3      | Reached XP level 5. HP: 14/45 MP: 2/8
  3193 | D:3      | Reached skill level 6 in Conjurations
  3929 | D:4      | Found a glowing drain.
  3951 | D:4      | Reached XP level 6. HP: 35/51 MP: 1/10
  4055 | D:4      | Learned a level 4 spell: Iskenderun's Mystic Blast
  4211 | Sewer    | Entered a sewer
  4728 | Sewer    | Your scales start taking on a fiery red colour.
  4728 | Sewer    | Gained mutation: Your flesh is heat resistant. [Red Draconian growth]
  4728 | Sewer    | Reached XP level 7. HP: 57/60 MP: 1/13
  4755 | Sewer    | Learned a level 4 spell: Fulminant Prism
  4991 | Sewer    | Reached skill level 5 in Fighting
  4991 | Sewer    | Reached skill level 5 in Spellcasting
  5224 | D:4      | Found a staircase to the Ecumenical Temple.
  5224 | D:4      | Noticed Dowan
  5225 | D:4      | Noticed Duvessa
  5249 | D:4      | Killed Duvessa
  5371 | D:4      | Killed Dowan
  5371 | D:4      | Reached XP level 8. HP: 58/69 MP: 8/16
  5409 | Temple   | Entered the Ecumenical Temple
  5500 | Temple   | Became a worshipper of Vehumet
  6045 | D:4      | Learned a level 5 spell: Iskenderun's Battlesphere
  6128 | D:4      | Found a glowing silver altar of Zin.
  6128 | D:4      | Noticed an angel
  6388 | D:4      | Found a shadowy altar of Dithmenos.
  6388 | D:4      | Noticed a phantom
  6401 | D:4      | Killed a phantom
  6440 | D:5      | Entered Level 5 of the Dungeon
  6567 | D:5      | Noticed Sigmund
  6573 | D:5      | Killed Sigmund
  6573 | D:5      | Reached skill level 7 in Conjurations
  6797 | D:5      | Reached skill level 8 in Conjurations
  6846 | D:5      | Found a snail-covered altar of Cheibriados.
  7124 | D:5      | Reached XP level 9. HP: 69/75 MP: 4/19
  7134 | D:5      | Acquired Vehumet's first power
  7134 | D:5      | Offered knowledge of Sandblast by Vehumet.
  7730 | D:6      | Noticed Edmund
  7731 | D:6      | Reached skill level 9 in Conjurations
  7758 | D:6      | Killed Edmund
  8331 | D:6      | Reached skill level 10 in Conjurations
  8546 | D:6      | You fall through a shaft for 3 floors!
  8862 | D:7      | Offered knowledge of Throw Frost by Vehumet.
  9730 | D:7      | Reached XP level 10. HP: 83/83 MP: 8/21
  9739 | D:7      | Lost mutation: Your spells are a little harder to cast, but a little more powerful. [mutagenic meat]
  9740 | D:7      | Gained mutation: You passively map a small area around you. [mutagenic meat]
  9858 | D:7      | Offered knowledge of Conjure Flame by Vehumet.
 10058 | D:6      | Learned a level 3 spell: Conjure Flame
 10397 | D:7      | Reached skill level 5 in Dodging
 10397 | D:7      | Reached skill level 1 in Fire Magic
 10469 | D:7      | Found a white marble altar of Elyvilon.
 10469 | D:7      | Found a basalt altar of Yredelemnul.
 10470 | D:7      | Found a glowing golden altar of the Shining One.
 10784 | D:7      | Acquired Vehumet's second power
 11430 | D:8      | Offered knowledge of Stone Arrow by Vehumet.
 11430 | D:8      | Reached skill level 1 in Charms
 11469 | D:8      | Learned a level 3 spell: Stone Arrow
 11564 | D:8      | Mangled by a polar bear

Vault maps used:
D:1:      onia_arrival_mini_spirals, nemelex_diamond_rough_becter
D:2:      uniq_natasha, uniq_robin
D:4:      zin_angel, minmay_temple_entry_grid, portal_sewer_entry_f,
          interstate_on_off, grunt_dithmenos_shadows, uniq_duvessa
D:5:      old_standard_altar, first_bread, minmay_misc_feat_four_crosses,
          kennysheep_generic_room_10, uniq_sigmund
D:6:      uniq_edmund
D:7:      gammafunk_temple_overflow_claw
D:8:      mumra_celtic_spiral_tile, serial_ice, serial_ice_k, serial_ice_o,
          serial_ice_n, serial_ice_c
D:9:      lair_0_dummy
Temple:   chambers_temple_14
Sewer:    sewer_co_tree

Action                   |  1- 3 |  4- 6 |  7- 9 | 10-12 || total
-------------------------+-------+-------+-------+-------++-------
Melee: Whip              |   107 |   122 |   204 |    59 ||   492
       Unarmed           |     2 |       |       |       ||     2
       Morningstar       |       |    21 |       |       ||    21
 Cast: Magic Dart        |    44 |    71 |   127 |    47 ||   289
       Searing Ray       |     2 |    10 |    17 |     1 ||    30
       Dazzling Spray    |       |     7 |    18 |     3 ||    28
       Iskenderun's Myst |       |       |    37 |    23 ||    60
       Stone Arrow       |       |       |       |     6 ||     6
       Iskenderun's Batt |       |       |       |     3 ||     3
 Abil: Breathe Fire      |       |       |    10 |     2 ||    12
  Use: Potion            |     4 |     8 |     4 |       ||    16
       Scroll            |     5 |     5 |     6 |     4 ||    20
 Stab: Invisible         |     3 |       |     2 |       ||     5
       Sleeping          |     1 |     1 |     2 |     1 ||     5
  Eat: Bread ration      |     1 |     1 |       |       ||     2
       Chunk             |       |     1 |       |     3 ||     4
       Meat ration       |       |     1 |     6 |     1 ||     8
